 Dungeon Crawl Stone Soup version 0.30-a0-393-g54b8e3be05 (webtiles) character file.

Game seed: 10456047928091607112

2442 Benpaste the Digger (level 9, 0/52 HPs)
             Began as a Gargoyle Earth Elementalist on Dec 5, 2022.
             Was an Initiate of Sif Muna.
             Slain by a wight
             ... wielding a +0 mace
              (9 damage)
             ... on level 7 of the Dungeon.
             The game lasted 01:43:55 (8596 turns).

Benpaste the Digger (Gargoyle Earth Elementalist)   Turns: 8596, Time: 01:43:55

Health: 0/52       AC:  9    Str: 22    XL:     9   Next: 49%
Magic:  12/15      EV: 13    Int: 17    God:    Sif Muna [......]
Gold:   151        SH:  5    Dex: 11    Spells: 6/16 levels left

rFire   . . .      SeeInvis .    H - +4 mace
rCold   . . .      Faith    .    (no shield)
rNeg    + . .      Spirit   .    a - +0 robe
rPois   ∞          Reflect  +    (no helmet)
rElec   +          Harm     .    (no cloak)
rCorr   .          Rampage  .    (no gloves)
Will    .....                    z - +0 pair of boots
Stlth   +++.......               k - amulet of reflection
HPRegen 0.28/turn                s - ring of protection from fire
MPRegen 0.14/turn                r - +6 ring of strength

@: fire susceptible
A: sickness immunity, AC +6, negative energy resistance 1, electricity
resistance, torment resistance 1, petrification resistance, deterioration 1,
strong 1
a: Renounce Religion


You were on level 7 of the Dungeon.
You worshipped Sif Muna.
Sif Muna was noncommittal.
You visited 2 branches of the dungeon, and saw 8 of its levels.

You collected 346 gold pieces.
You spent 195 gold pieces at shops.

Inventory:

Hand Weapons
 c - a +0 hand axe
 f - a +0 dagger
 g - a +0 short sword
 h - a +3 flail
 j - a +0 sling
 n - a +2 dagger of draining
 H - a +4 mace (weapon)
Missiles
 i - 48 stones
 l - 11 boomerangs (quivered)
 w - 20 poisoned darts
 B - a curare-tipped dart
Armour
 a - a +0 robe (worn)
 z - a +0 pair of boots (worn)
 C - a +0 leather armour
Jewellery
 d - a +6 ring of dexterity
 k - an amulet of reflection (around neck)
 r - a +6 ring of strength (right hand)
 s - a ring of protection from fire (left hand)
 G - an amulet of the acrobat
Wands
 p - a wand of flame (12)
Scrolls
 e - 2 scrolls of vulnerability
 t - a scroll of poison {unknown}
 y - a scroll of immolation {unknown}
 A - a scroll of amnesia
 D - a scroll of fear {unknown}
 E - a scroll of brand weapon {unknown}
 F - a scroll of enchant weapon {unknown}
Potions
 b - a potion of magic
 m - a potion of brilliance {unknown}
 o - a potion of ambrosia
 q - a potion of mutation
 u - a potion of attraction
 v - a potion of cancellation {unknown}
 x - 2 potions of curing


   Skills:
 + Level 4.4 Fighting
 + Level 5.8 Short Blades
 + Level 5.7 Dodging
 + Level 5.1 Stealth
 + Level 1.2 Shields
 + Level 4.2 Spellcasting
 + Level 0.2 Conjurations
 + Level 0.7 Transmutations
 + Level 5.8 Earth Magic


You had 6 spell levels left.
You knew the following spells:

 Your Spells              Type           Power      Damage    Failure   Level
a - Sandblast             Erth           46%        2d11      1%          1
b - Passwall              Tmut/Erth      11%        N/A       6%          2
c - Petrify               Tmut/Erth      14%        N/A       36%         4
d - Stone Arrow           Conj/Erth      26%        3d8       14%         3

Your spell library contained the following spells:

 Spells                   Type           Power      Damage    Failure   Level
 Shock                    Conj/Air       12%        1d3       16%         1
 Wereblood                Tmut           6%         N/A       17%         2
 Dazzling Flash           Conj/Hex       6%         N/A       41%         3
 Ozocubu's Armour         Ice            3%         N/A       43%         3
 Swiftness                Air            3%         N/A       43%         3
 Airstrike                Air            1%         2d(1-17)  83%         4
 Agony                    Necr           3%         N/A       99%         5
 Silence                  Hex/Air        1%         N/A       99%         5
 Ozocubu's Refrigeration  Ice            1%         4d7       100%        7
 Summon Hydra             Summ           1%         N/A       100%        7
 Sublimation of Blood     Necr           Unusable   N/A       N/A         2

Dungeon Overview and Level Annotations

Branches:
Dungeon (7/15)             Temple (1/1) D:4

Altars:
Ashenzari
Cheibriados
Dithmenos
Elyvilon
Fedhas
Gozag
Hepliaklqana
Kikubaaqudgha
Makhleb
Nemelex Xobeh
Okawaru
Qazlal
Ru
Sif Muna
Trog
Uskayaw
Vehumet
Wu Jian
Xom
Yredelemnul
Zin
The Shining One
Ignis

Shops:
D:4 !


Innate Abilities, Weirdness & Mutations

You are immune to sickness and miasma.
Your stone body is resilient. (AC +6)
You are immune to poison.
You resist negative energy. (rN+)
You are resistant to electric shocks. (rElec)
You are resistant to unholy torment.
You are immune to petrification.
Your body sometimes deteriorates upon taking damage.
Your muscles are strong. (Str +4, Int/Dex -1)


Message History

The gnoll bouda shouts!
You hit the hound.
The hound is moderately wounded.
You hear a shout! x2
The hound misses you. x2; You block the gnoll's attack.
The phantom barely misses you. The orc hits you but does no damage.
You hit the hound.
The hound is heavily wounded.
You block the hound's attack.
An orc comes into view. It is wielding a +0 hand axe.
The gnoll misses you.
The gnoll bouda barks out a call to the hunt!
The gnoll picks up the pace!
The orc hits you from afar with a +0 trident.
The hound bites you but does no damage.
The phantom hits you but does no damage.
The hound bites you but does no damage. The phantom hits you.
The orc hits you from afar with a +0 trident.
The gnoll hits you with a +1 flail of holy wrath!
* * * LOW HITPOINT WARNING * * *
Aiming: Throw Flame
Press: ? - help, Shift-Dir - straight line, f - gnoll
Aim: a gnoll, wielding a +1 flail of holy wrath (covering ground quickly, 72% to hit)
Okay, then.
Cast which spell? (? or * to list)
Aiming: Stone Arrow (dangerous; 14% risk of failure)
Press: ? - help, Shift-Dir - straight line, f - gnoll
Aim: a gnoll, wielding a +1 flail of holy wrath (covering ground quickly, 72% to hit)
The stone arrow hits the gnoll!
The gnoll is severely wounded.
A gnoll comes into view. It is wielding a +1 vorpal flail.
The hound bites you.
* * * LOW HITPOINT WARNING * * *
The phantom hits you but does no damage.
The gnoll hits you with a +1 flail of holy wrath.
* * * LOW HITPOINT WARNING * * *
The orc misses you. The wight barely misses you.
The phantom attacks as you move away! The phantom closely misses you.
The wight hits you with a +0 mace!
You die...

# #. #### . ....
####+###.. #.#.#.#
#....o.#.##......
#...zo.#.#.#.#z#
#..@hW.g.#...g..
+...go.g.o.#.#.#.#
#.....###.........
#.....# #.<#.#.#.
#.....# #....z..z.
#.....# #..#.#.#.#
#.....# #......
####### #..#.#.#
#.... ...


You could see a phantom, a gnoll bouda, a hound, a wight, an orc priest, 2
gnolls and 3 orcs.

Vanquished Creatures
  2 water moccasins (D:5)
  An orc warrior (D:6)
  2 black bears (D:5)
  3 ice beasts
  A sky beast (D:6)
  2 ogres
  2 phantoms
  2 kobold brigands (D:6)
  A necrophage (D:5)
  2 bullfrogs (D:6)
  5 wights (D:6)
  A howler monkey (D:5)
  4 hounds
  An orc priest (D:5)
  2 jellies (D:5)
  8 iguanas
  2 orc wizards
  9 adders
  A worm (D:2)
  A dart slug (D:5)
  18 orcs
  7 ball pythons
  8 endoplasms
  3 giant cockroaches
  8 goblins
  6 hobgoblins
  9 jackals
  18 kobolds
  5 quokkas
  4 bats
  2 frilled lizards
  7 rats
147 creatures vanquished.

Vanquished Creatures (others)
  A withered plant (D:2)
1 creature vanquished.

Grand Total: 148 creatures vanquished

Notes
Turn   | Place    | Note
-------+----------+-------------------------------------------
     0 | D:1      | Benpaste the Gargoyle Earth Elementalist began the quest
                  | for the Orb.
     0 | D:1      | Reached XP level 1. HP: 10/10 MP: 3/3
   170 | D:1      | Reached XP level 2. HP: 15/15 MP: 3/5
   427 | D:1      | Learned a level 2 spell: Passwall
   791 | D:1      | Reached XP level 3. HP: 19/19 MP: 6/6
  1181 | D:2      | Found a faded altar of an unknown god.
  1530 | D:2      | Prayed at the altar of an unknown god.
  1530 | D:2      | Became a worshipper of Ignis, the Dying Flame
  1661 | D:2      | Found a white marble altar of Elyvilon.
  1983 | D:3      | Learned a level 1 spell: Shock
  1987 | D:3      | Learned a level 3 spell: Stone Arrow
  2031 | D:3      | Reached XP level 4. HP: 24/24 MP: 5/8
  2092 | D:3      | Found a sparkling altar of Nemelex Xobeh.
  2803 | D:4      | Found a radiant altar of Vehumet.
  2821 | D:4      | Found Qotroimu's Distillery.
  2879 | D:4      | Found a hide-covered altar of Uskayaw.
  2987 | D:4      | Found a staircase to the Ecumenical Temple.
  3018 | Temple   | Entered the Ecumenical Temple
  3108 | D:4      | Reached XP level 5. HP: 26/28 MP: 9/9
  3155 | D:4      | Reached skill level 1 in Short Blades
  4214 | D:5      | Entered Level 5 of the Dungeon
  4243 | D:5      | Noticed a black bear
  4278 | D:5      | HP: 1/28 [orc priest/divine providence (10)]
  4279 | D:5      | Reached skill level 1 in Fighting
  4421 | D:4      | Bought a potion of heal wounds for 65 gold pieces
  4421 | D:4      | Bought a potion of haste for 130 gold pieces
  4538 | D:5      | Reached XP level 6. HP: 15/34 MP: 10/10
  4618 | D:5      | Learned a level 4 spell: Petrify
  4624 | D:5      | Noticed a water moccasin
  4640 | D:5      | Killed a water moccasin
  4767 | D:5      | Found a glowing silver altar of Zin.
  4770 | D:5      | Found an ornate altar of the Wu Jian Council.
  4772 | D:5      | Found a shadowy altar of Dithmenos.
  4791 | D:5      | Reached skill level 5 in Earth Magic
  4822 | D:5      | Killed a black bear
  4823 | D:5      | Reached XP level 7. HP: 34/40 MP: 12/12
  5010 | D:5      | Reached XP level 8. HP: 41/45 MP: 13/13
  5407 | D:5      | Found a stormy altar of Qazlal.
  6037 | D:6      | Reached skill level 5 in Dodging
  6037 | D:6      | Reached XP level 9. HP: 49/52 MP: 15/15
  6040 | D:6      | Found a white marble altar of Elyvilon.
  6083 | D:6      | Reached skill level 5 in Short Blades
  6230 | D:6      | Reached skill level 5 in Stealth
  6512 | D:6      | Found a shimmering altar of Xom.
  6526 | D:6      | Found an iron altar of Okawaru.
  7074 | D:6      | Reached skill level 1 in Shields
  7481 | D:6      | Fell from the grace of Ignis
  8458 | Temple   | Became a worshipper of Sif Muna the Loreminder
  8592 | D:7      | Gained mutation: Your muscles are strong. (Str +4, Int/Dex
                  | -1) [potion of mutation]
  8592 | D:7      | Gained mutation: Your body sometimes deteriorates upon
                  | taking damage. [potion of mutation]
  8596 | D:7      | Slain by a wight

Illustrated notes

Levels and vault maps discovered:
D:1:      ncdulo_wetmaze, layout_loops_ring, nrook_loot_triangle
D:2:      layout_basic, ebering_ecumenical_altar_petrified, basic_altar
D:3:      layout_basic, nemelex_diamond_rough_becter
D:4:      layout_loops_ring, mainiacjoe_overflow_catch_the_wave, temple_pool_b,
          nicolae_stop_n_shop_2, minivault_14
D:5:      minmay_recursive_quarters, layout_basic, lemuel_round_altar,
          grunt_temple_overflow_open, wad_rectangle_vault
D:6:      layout_loops_ring, lemuel_crystal_altar,
          mainiacjoe_overflow_large_starburst
D:7:      cheibrodos_helix_gallery, layout_basic, enter_bailey_5, st_stairs_11,
          minmay_misc_feat_encased
Temple:   nicolae_temple_x_marks_the_god

Skill      XL: |  1  2  3  4  5  6  7  8  9 |
---------------+----------------------------+-----
Earth Magic    | 4 5 |  5.8
Dodging        | 2 3 5 |  5.7
Spellcasting   | 3 4 |  4.2
Short Blades   | 2 3 4 5 |  5.8
Fighting       | 1 2 4 |  4.4
Stealth        | 3 4 5 |  5.1
Shields        | 1 |  1.2
Conjurations   | |  0.2
Transmutations | |  0.7

Action                   |  1- 3 |  4- 6 |  7- 9 || total
-------------------------+-------+-------+-------++-------
Melee: Hand axe          |    13 |       |       ||    13
       Dagger            |    60 |   167 |   340 ||   567
       Punch             |       |       |     5 ||     5
       Mace              |       |       |     9 ||     9
       Flail             |       |       |     8 ||     8
Throw: Boomerang         |       |       |     3 ||     3
 Cast: Sandblast         |    34 |    11 |     1 ||    46
       Passwall          |     1 |       |       ||     1
       Stone Arrow       |       |       |     6 ||     6
Invok: Fiery Armour      |       |     1 |     3 ||     4
       Rising Flame      |       |     1 |       ||     1
       Foxfire Swarm     |       |       |     1 ||     1
       Renounce Religion |       |       |     1 ||     1
  Use: Scroll            |     5 |     8 |     3 ||    16
       Potion            |       |     5 |     4 ||     9
 Stab: Distracted        |     1 |       |       ||     1
       Sleeping          |     1 |       |     2 ||     3
Armor: Robe              |    28 |    66 |   107 ||   201
Dodge: Dodged            |    64 |   123 |   208 ||   395
Block: Other             |       |       |    11 ||    11
       Reflection        |       |       |     1 ||     1

Table legend: (Time is in decaauts)
 A = Elapsed time spent in this place.
 B = Non-inter-level travel time spent in this place.
 C = Inter-level travel time spent in this place.
 D = Time resting spent in this place.
 E = Time spent auto-exploring this place.
 F = Levels seen in this place.
 G = Mean time per level.
                   A        B        C        D        E       F      G
               +--------+--------+--------+--------+--------+-----+--------+
         Total |   8549 |   8510 |     39 |   1944 |   1634 |   8 | 1068.6 |
       Dungeon |   8094 |   8060 |     34 |   1744 |   1634 |   7 | 1156.3 |
        Temple |    454 |    449 |      5 |    200 |      0 |   1 |  454.0 |
               +--------+--------+--------+--------+--------+-----+--------+

Top non-repeatable levels by time:
     D:6: 2042 daAuts
     D:4: 1674 daAuts
     D:5: 1529 daAuts
     D:1: 1162 daAuts
     D:2: 886 daAuts
     D:3: 783 daAuts
  Temple: 454 daAuts
     D:7: 15 daAuts
